 Dungeon Crawl Stone Soup version 0.22.0-5-gf09313c (webtiles) character file.

6009 Hildebrand the Cleaver (level 10, 0/100 (101) HPs)
             Began as a Minotaur Berserker on Aug 14, 2018.
             Was a High Priest of Trog.
             Asphyxiated
             ... on level 10 of the Dungeon.
             The game lasted 00:46:41 (11135 turns).

Hildebrand the Cleaver (Minotaur Berserker)        Turns: 11135, Time: 00:46:41

HP:   0/100 (101)   AC: 12    Str: 24    XL:     10   Next: 56%
MP:   9/9           EV:  8    Int: 10    God:    Trog [*****.]
Gold: 565           SH:  0    Dex:  9    Spells: 9/9 levels left

rFire    . . .     SeeInvis +   k - +0 battleaxe
rCold    . . .     Gourm    .   (shield currently unavailable)
rNeg     . . .     Faith    .   q - +0 chain mail
rPois    .         Spirit   .   z - +2 hat {SInv}
rElec    .         Reflect  .   (no cloak)
rCorr    .         Harm     .   m - +0 pair of gloves
MR       ++...                  A - +0 pair of boots {Fly}
Stlth    ..........             (no amulet)
HPRegen  1.26/turn              C - ring of see invisible
MPRegen  0.11/turn              B - +4 ring of intelligence

@: lethally poisoned (0 -> -2), berserk cooldown, flying, regenerating, slowed,
drained, very slow
A: retaliatory headbutt, horns 2
a: Berserk, Trog's Hand, Brothers in Arms, Renounce Religion, Stop Flying


You were on level 10 of the Dungeon.
You worshipped Trog.
Trog was extremely pleased with you.
You were not hungry.

You visited 3 branches of the dungeon, and saw 12 of its levels.

You collected 565 gold pieces.

Inventory:

Hand Weapons
 j - a +4 hand axe
 k - a +0 battleaxe (weapon)
Missiles
 l - 25 tomahawks (quivered)
Armour
 m - a +0 pair of gloves (worn)
 q - a +0 chain mail (worn)
 z - a +2 hat of see invisible (worn)
 A - a +0 pair of boots of flying (worn)
Jewellery
 f - an uncursed ring of resist corrosion
 B - a +4 ring of intelligence (right hand)
 C - a ring of see invisible (left hand)
Wands
 h - a wand of flame (12)
 i - a wand of iceblast (6)
 o - a wand of polymorph (21)
Scrolls
 b - a scroll of enchant armour
 d - 3 scrolls of identify
 e - 3 scrolls of magic mapping
 p - 4 scrolls of remove curse
 t - a scroll of immolation
 x - 2 scrolls of teleportation
 y - a scroll of enchant weapon
Potions
 a - 4 potions of haste
 g - 6 potions of curing
 n - a potion of agility
 r - a potion of mutation
 s - 2 potions of invisibility
 u - a potion of might
 w - 3 potions of resistance
 D - a potion of heal wounds
Comestibles
 c - 22 rations


   Skills:
 * Level 13.4(12.9) Fighting
 * Level 13.4(12.9) Axes
 - Level 2.4(2.0) Armour
 - Level 2.1(1.8) Dodging


You had 9 spell levels left.
You didn't know any spells.
Your spell library was empty.

Dungeon Overview and Level Annotations

Branches:
Dungeon (10/15)            Temple (1/1) D:6             Orc (1/2) D:9
   Lair: D:8-11

Altars:
Ashenzari
Cheibriados
Dithmenos
Elyvilon
Fedhas
Gozag
Hepliaklqana
Kikubaaqudgha
Makhleb
Nemelex Xobeh
Okawaru
Qazlal
Ru
Sif Muna
Trog
Uskayaw
Vehumet
Wu Jian
Xom
Yredelemnul
Zin
The Shining One

Shops:
D:5 !

Annotations:
D:3 2 transporters
D:10 Sonja


Innate Abilities, Weirdness & Mutations

You reflexively headbutt those who attack you in melee.
You have a pair of horns on your head.


Message History

You feel sick.
Sonja unwields an uncursed dagger of distortion.
Its appearance distorts for a moment.
Sonja wields an uncursed blowgun.
Sonja shoots a curare-tipped needle.
The curare-tipped needle hits you.
You are more poisoned.
You have difficulty breathing.
* * * LOW HITPOINT WARNING * * *
You feel as though you will be slow longer.
You see here a curare-tipped needle.
You feel a strong urge to attack something.
You feel sick.
You are no longer berserk.
You are exhausted.
You feel as though you will be slow longer.
You feel sick.
You feel sick.
Sonja shoots a curare-tipped needle.
The curare-tipped needle hits you.
You are more poisoned.
You have difficulty breathing.
You die...

#### ..# # #.# #.#
# #.######.##
#.##.........##
#........K....#
#..(.......###
#.#####..#.##......
#....(@..(.....#.##
##########.......#
#####.### #.#
###.#### #......#
#.#)##)#
#.#.##.#####
###.#....)....


You could see Sonja.

Vanquished Creatures
  A two-headed ogre (D:8)
  A hungry ghost (D:9)
  Menkaure (D:4)
  2 acid dragons (D:7)
  A water moccasin (D:9)
  A two-headed ogre zombie (D:9)
  An ice beast (D:5)
  4 orc warriors
  A black bear (D:9)
  3 phantoms
  3 ogres
  A necrophage (D:8)
  2 sky beasts
  4 centaurs
  A crocodile (D:8)
  A big kobold (D:8)
  3 bullfrogs
  A water moccasin skeleton (D:10)
  2 troll zombies (D:9)
  2 scorpions
  7 killer bees (D:7)
  3 wights (D:10)
  2 howler monkeys
  3 hounds
  5 crimson imps
  2 centaur skeletons
  6 orc priests
  A gnoll shaman (D:6)
  5 jellies
  An iguana (D:6)
  9 orc wizards
  A killer bee zombie (D:8)
  8 worker ants
  4 ogre zombies (D:9)
  3 hound skeletons
  A worker ant zombie (D:8)
  A howler monkey skeleton (D:4)
  7 gnolls
  8 adders
  3 shadow imps
  3 oozes
  2 adder skeletons
  3 worms
  A dart slug (D:3)
  5 leopard geckos
  38 orcs
  3 ball pythons
  8 giant cockroaches
  10 goblins
  14 hobgoblins
  19 jackals
  6 quokkas
  8 bats
  5 frilled lizards
  A giant cockroach zombie (D:3)
  2 goblin skeletons (D:9)
  2 goblin zombies (D:9)
  2 hobgoblin skeletons (D:9)
  3 hobgoblin zombies (D:9)
  A jackal skeleton (D:8)
  23 kobolds
  A leopard gecko skeleton (D:4)
  An orc skeleton (D:9)
  15 orc zombies (D:9)
  A quokka skeleton (D:6)
  12 rats
305 creatures vanquished.

Notes
Turn   | Place    | Note
-------+----------+-------------------------------------------
     0 | D:1      | Hildebrand the Minotaur Berserker began the quest for the Orb.
     0 | D:1      | Reached XP level 1. HP: 19/19 MP: 0/0
   227 | D:1      | Reached XP level 2. HP: 27/27 MP: 1/1
   365 | D:1      | Reached ** piety under Trog
   588 | D:1      | Reached XP level 3. HP: 34/34 MP: 2/2
  1327 | D:2      | Reached skill level 5 in Fighting
  1327 | D:2      | Reached skill level 5 in Axes
  1327 | D:2      | Reached XP level 4. HP: 42/42 MP: 3/3
  1386 | D:2      | Reached *** piety under Trog
  1613 | D:3      | Reached XP level 5. HP: 10/49 MP: 4/4
  1914 | D:3      | Found a transporter.
  1936 | D:3      | Found a transporter.
  2060 | D:3      | Found a hide-covered altar of Uskayaw.
  2294 | D:3      | Found a sparkling altar of Nemelex Xobeh.
  2439 | D:4      | Found a glowing golden altar of the Shining One.
  2451 | D:4      | Reached XP level 6. HP: 57/58 MP: 5/5
  2540 | D:4      | Noticed Menkaure
  2544 | D:4      | Killed Menkaure
  3250 | D:4      | Reached **** piety under Trog
  3345 | D:4      | Found an iron altar of Okawaru.
  3347 | D:4      | Found a shimmering altar of Xom.
  3347 | D:4      | Found an ornate altar of the Wu Jian Council.
  3349 | D:4      | Found a glowing golden altar of the Shining One.
  3349 | D:4      | Found an iron altar of Okawaru.
  3349 | D:4      | Found an iron altar of Okawaru.
  3594 | D:4      | Reached XP level 7. HP: 56/66 MP: 6/6
  3977 | D:5      | Entered Level 5 of the Dungeon
  4033 | D:5      | Found Feint's Distillery.
  4711 | D:5      | Reached XP level 8. HP: 75/75 MP: 7/7
  5562 | D:5      | Found a deep blue altar of Sif Muna.
  5866 | D:6      | Found a staircase to the Ecumenical Temple.
  5889 | Temple   | Entered the Ecumenical Temple
  6313 | D:6      | Reached skill level 10 in Fighting
  6313 | D:6      | Reached skill level 10 in Axes
  6412 | D:6      | Found a stormy altar of Qazlal.
  6518 | D:6      | Found a basalt altar of Yredelemnul.
  6626 | D:7      | Found a sacrificial altar of Ru.
  6638 | D:7      | Found a shadowy altar of Dithmenos.
  6753 | D:7      | Reached XP level 9. HP: 83/86 MP: 8/8
  6769 | D:7      | Found a transporter.
  7558 | D:7      | Found a shadowy altar of Dithmenos.
  7950 | D:7      | Found a transporter.
  8673 | D:8      | Noticed a two-headed ogre
  8685 | D:8      | Killed a two-headed ogre
  9124 | D:8      | Reached XP level 10. HP: 96/98 MP: 9/9
  9186 | D:8      | Found a blossoming altar of Fedhas.
  9301 | D:8      | Found an ornate altar of the Wu Jian Council.
  9417 | D:8      | Found a snail-covered altar of Cheibriados.
  9720 | D:8      | Identified a scroll of acquirement
  9751 | D:9      | Reached ***** piety under Trog
  9786 | D:9      | Found a staircase to the Orcish Mines.
  9991 | Orc:1    | Entered Level 1 of the Orcish Mines
 10048 | D:9      | Found a radiant altar of Vehumet.
 10468 | D:9      | Found an ancient bone altar of Kikubaaqudgha.
 10705 | D:10     | Entered Level 10 of the Dungeon
 11121 | D:10     | Noticed Sonja
 11135 | D:10     | Asphyxiated

Skill      XL: |  1  2  3  4  5  6  7  8  9 10 |
---------------+-------------------------------+-----
Fighting       | 4 5 6 7 8 10 12 13 | 13.4
Axes           | 4 5 6 7 8 10 12 13 | 13.4
Armour         | |  2.4
Dodging        | |  2.1

Action                   |  1- 3 |  4- 6 |  7- 9 | 10-12 || total
-------------------------+-------+-------+-------+-------++-------
Melee: Hand axe          |    83 |   154 |   271 |       ||   508
       Headbutt          |    10 |    23 |    55 |    30 ||   118
       Battleaxe         |       |       |    40 |   159 ||   199
Throw: Tomahawk          |       |       |     2 |       ||     2
Invok: Trog's Hand       |       |     3 |     7 |     3 ||    13
       Berserk           |       |     2 |     4 |     2 ||     8
  Use: Scroll            |     5 |     7 |     6 |     2 ||    20
       Potion            |       |       |     3 |       ||     3
  Eat: Chunk             |     1 |     7 |    17 |     5 ||    30
       Ration            |       |     1 |     2 |     2 ||     5
Armor: Animal skin       |    24 |    10 |       |       ||    34
       Chain mail        |       |    48 |   147 |    92 ||   287
       Skin              |       |       |     3 |       ||     3
Dodge: Dodged            |    57 |    66 |   138 |    58 ||   319
